EVO
UNIVERSITY OF MICHIGAN WOLVERINES @ CLEMSON UNIVERSITY TIGERS
08/04/2049
 
TOP OF THE 1ST
University of Michigan Wolverines batting - Pitching for Clemson University Tigers : RHP Joe Maid
Pitching: RHP Joe Maid
Batting: RHB Gerard Gordijn 0-0: Ball
1-0: Foul Ball, location: 2F
1-1: Ball
2-1: DOUBLE (Line Drive, 7LM, EV 95.6 MPH)
Batting: RHB Wendell Sarkies 0-0: Swinging Strike
0-1: Swinging Strike
0-2: Ball
1-2: Ball
2-2: Strikes out swinging, 2-3 out at first.
Batting: RHB Walter Fisher 0-0: Ground out 4-3 (Groundball, 13, EV 95.0 MPH)
Gerard Gordijn to third
Batting: RHB Mike Harden 0-0: Foul Ball, location: 2F
0-1: Hit by Pitch
Batting: RHB Chris Williamson 0-0: Ball
1-0: Ball
2-0: Ball
3-0: Called Strike
3-1: Foul Ball, location: 2F
3-2: DOUBLE (Flyball, 89XD, EV 107.5 MPH)
Gerard Gordijn scores
Mike Harden to third
Mike Harden scores
Batting: RHB Angus Shanahan 0-0: Called Strike
0-1: Ball
1-1: Ball
2-1: Fly out, F6 (Line Drive, 6D, EV 68.8 MPH)
Top of the 1st over - 2 runs, 2 hits, 0 errors, 1 left on base; University of Michigan 2 - Clemson University 0
BOTTOM OF THE 1ST
Clemson University Tigers batting - Pitching for University of Michigan Wolverines : RHP Adam Timmons
Pitching: RHP Adam Timmons
Batting: LHB Steve Gates 0-0: Foul Ball, location: 2F
0-1: Foul Ball, location: 2F
0-2: SINGLE (Groundball, 3D, EV 104.4 MPH)
Batting: LHB Santiago Carrillo 0-0: Swinging Strike
0-1: DOUBLE (Flyball, 9LD, EV 105.0 MPH)
Steve Gates to third
Runner from 3rd tries for Home, SAFE, throw by RF to trailing runner, OUT at third! 9-3-5
Batting: RHB Marco Maggs 0-0: Swinging Strike
0-1: Foul Ball, location: 2F
0-2: Ball
1-2: Fly out, F7 (Flyball, 7, EV 91.9 MPH)
Batting: RHB Josh LeSage 0-0: Foul Ball, location: 2F
0-1: Fly out, F7 (Flyball, 78D, EV 91.9 MPH)
Bottom of the 1st over - 1 run, 2 hits, 0 errors, 0 left on base; University of Michigan 2 - Clemson University 1
TOP OF THE 2ND
University of Michigan Wolverines batting - Pitching for Clemson University Tigers : RHP Joe Maid
Batting: RHB Remie Braakman 0-0: Ball
1-0: Ball
2-0: Foul Ball, location: 2F
2-1: Called Strike
2-2: Foul Ball, location: 2F
2-2: Ground out 5-3 (Groundball, 56S, EV 61.2 MPH)
Batting: SHB Elvis Hoying 0-0: Ball
1-0: Ball
2-0: Ground out 3-1 (Groundball, 34S, EV 95.0 MPH)
Batting: LHB Lance Sabo 0-0: Ground out 4-3 (Groundball, 4, EV 89.4 MPH)
Top of the 2nd over - 0 runs, 0 hits, 0 errors, 0 left on base; University of Michigan 2 - Clemson University 1
BOTTOM OF THE 2ND
Clemson University Tigers batting - Pitching for University of Michigan Wolverines : RHP Adam Timmons
Batting: LHB Jochen Salt 0-0: Ball
1-0: Ball
2-0: Foul Ball, location: 2F
2-1: Foul Ball, location: 2F
2-2: Ball
3-2: Fly out, F8 (Flyball, 78M, EV 90.6 MPH)
Batting: RHB Jason Duncan 0-0: Called Strike
0-1: Fly out, F7 (Line Drive, 7, EV 85.0 MPH)
Batting: LHB George Jedinak 0-0: Foul Ball, location: 2F
0-1: Foul Ball, location: 2F
0-2: SINGLE (Groundball, 4MD, EV 105.0 MPH)
Batting: LHB Mario Nunez 0-0: Foul Ball, location: 2F
0-1: Ball
1-1: Swinging Strike
1-2: Foul Ball, location: 2F
1-2: Ball
2-2: Foul Ball, location: 2F
2-2: Ground out 4-3 (Groundball, 4, EV 92.5 MPH)
Bottom of the 2nd over - 0 runs, 1 hit, 0 errors, 1 left on base; University of Michigan 2 - Clemson University 1
TOP OF THE 3RD
University of Michigan Wolverines batting - Pitching for Clemson University Tigers : RHP Joe Maid
Batting: RHB Gerard Gordijn 0-0: Called Strike
0-1: Ball
1-1: Ball
2-1: Swinging Strike
2-2: Strikes out swinging
Batting: RHB Wendell Sarkies 0-0: Foul Ball, location: 2F
0-1: Foul Ball, location: 2F
0-2: Strikes out looking
Batting: RHB Walter Fisher 0-0: Ball
1-0: Called Strike
1-1: Fly out, F7 (Flyball, 7, EV 86.2 MPH)
Top of the 3rd over - 0 runs, 0 hits, 0 errors, 0 left on base; University of Michigan 2 - Clemson University 1
BOTTOM OF THE 3RD
Clemson University Tigers batting - Pitching for University of Michigan Wolverines : RHP Adam Timmons
Batting: LHB Alfredo Padilla 0-0: Ball
1-0: Foul Ball, location: 2F
1-1: Ball
2-1: Foul Ball, location: 2F
2-2: Strikes out looking
Batting: LHB Steve Gates 0-0: Ground out 4-3 (Groundball, 4, EV 88.8 MPH)
Batting: LHB Santiago Carrillo 0-0: Ball
1-0: Swinging Strike
1-1: Foul Ball, location: 2F
1-2: Ball
2-2: Fly out, F7 (Flyball, 7D, EV 98.8 MPH)
Bottom of the 3rd over - 0 runs, 0 hits, 0 errors, 0 left on base; University of Michigan 2 - Clemson University 1
TOP OF THE 4TH
University of Michigan Wolverines batting - Pitching for Clemson University Tigers : RHP Joe Maid
Batting: RHB Mike Harden 0-0: Called Strike
0-1: Foul Ball, location: 2F
0-2: Ball
1-2: Ball
2-2: Foul Ball, location: 2F
2-2: SOLO HOME RUN (Flyball, 7D, EV 100.6 MPH), Distance : 417 ft
Batting: RHB Chris Williamson 0-0: Called Strike
0-1: Called Strike
0-2: DOUBLE (Line Drive, 89XD, EV 98.1 MPH)
Batting: RHB Angus Shanahan 0-0: Called Strike
0-1: Foul Ball, location: 2F
0-2: Ball
1-2: Foul Ball, location: 2F
1-2: Foul Ball, location: 2F
1-2: Ground out 1-3 (Groundball, 13, EV 70.0 MPH)
Chris Williamson to third
Batting: RHB Remie Braakman 0-0: Ball
1-0: Swinging Strike
1-1: Foul Ball, location: 2F
1-2: Strikes out swinging
Batting: SHB Elvis Hoying 0-0: Ball
1-0: Called Strike
1-1: Ball
2-1: Foul Ball, location: 2F
2-2: Ball
3-2: Base on Balls
Batting: LHB Lance Sabo 0-0: Ball
1-0: Ball
2-0: Foul Ball, location: 2F
2-1: Swinging Strike
2-2: Strikes out looking
Top of the 4th over - 1 run, 2 hits, 0 errors, 2 left on base; University of Michigan 3 - Clemson University 1
BOTTOM OF THE 4TH
Clemson University Tigers batting - Pitching for University of Michigan Wolverines : RHP Adam Timmons
Batting: RHB Marco Maggs 0-0: Called Strike
0-1: Foul Ball, location: 2F
0-2: Ball
1-2: Fly out, F7 (Line Drive, 78M, EV 103.8 MPH)
Batting: RHB Josh LeSage 0-0: Ball
1-0: Foul Ball, location: 2F
1-1: Ball
2-1: Swinging Strike
2-2: Ground out 4-3 (Groundball, 4, EV 105.6 MPH)
Batting: LHB Jochen Salt 0-0: Ball
1-0: Called Strike
1-1: Ball
2-1: Ball
3-1: Foul Ball, location: 2F
3-2: Foul Ball, location: 2F
3-2: Ground out 4-3 (Groundball, 4, EV 91.9 MPH)
Bottom of the 4th over - 0 runs, 0 hits, 0 errors, 0 left on base; University of Michigan 3 - Clemson University 1
TOP OF THE 5TH
University of Michigan Wolverines batting - Pitching for Clemson University Tigers : RHP Joe Maid
Now at 3B: Jerry Maxwell
Batting: RHB Gerard Gordijn 0-0: Ball
1-0: Called Strike
1-1: Ball
2-1: Ground out 1-3 (Groundball, 13S, EV 66.9 MPH)
Batting: RHB Wendell Sarkies 0-0: Ball
1-0: Called Strike
1-1: Foul Ball, location: 2F
1-2: Ball
2-2: Strikes out looking
Batting: RHB Walter Fisher 0-0: Ball
1-0: Foul Ball, location: 2F
1-1: SINGLE (Flyball, 56D, EV 89.4 MPH)
Pitching: LHP Salvatore Vasquez
Batting: RHB Quirino Portel 0-0: Swinging Strike
0-1: Swinging Strike
0-2: Strikes out looking
Top of the 5th over - 0 runs, 1 hit, 0 errors, 1 left on base; University of Michigan 3 - Clemson University 1
BOTTOM OF THE 5TH
Clemson University Tigers batting - Pitching for University of Michigan Wolverines : RHP Adam Timmons
Now at 3B: Cesar Rubio
Batting: RHB Jason Duncan 0-0: Ball
1-0: Ball
2-0: Ball
3-0: Base on Balls
Batting: LHB George Jedinak 0-0: Called Strike
0-1: Swinging Strike
0-2: Ball
1-2: Ball
2-2: Strikes out swinging
Batting: LHB Mario Nunez 0-0: Swinging Strike
0-1: Called Strike
0-2: Strikes out swinging
Batting: LHB Alfredo Padilla 0-0: Ball
1-0: Called Strike
1-1: Foul Ball, location: 2F
1-2: Strikes out swinging
Bottom of the 5th over - 0 runs, 0 hits, 0 errors, 1 left on base; University of Michigan 3 - Clemson University 1
TOP OF THE 6TH
University of Michigan Wolverines batting - Pitching for Clemson University Tigers : LHP Salvatore Vasquez
Pitching: LHP Will West
Batting: RHB Chris Williamson 0-0: Ball
1-0: Called Strike
1-1: Called Strike
1-2: Ball
2-2: Strikes out looking
Batting: RHB Cesar Rubio 0-0: Ball
1-0: Called Strike
1-1: Ground out 6-3 (Groundball, 56, EV 98.1 MPH)
Pinch Hitting: RHB Mario Cruz 0-0: Called Strike
0-1: Called Strike
0-2: Strikes out swinging
Top of the 6th over - 0 runs, 0 hits, 0 errors, 0 left on base; University of Michigan 3 - Clemson University 1
BOTTOM OF THE 6TH
Clemson University Tigers batting - Pitching for University of Michigan Wolverines : RHP Adam Timmons
Pitching: LHP Isaiah Harris
Now at C: Dakota Kaempf
Now at 2B: Elvis Hoying
Now at SS: Mario Cruz
Pinch Hitting: LHB Tony Rivera 0-0: Ball
1-0: Foul Ball, location: 2F
1-1: Fly out, F9 (Line Drive, 9, EV 93.1 MPH)
Pitching: RHP Dave Catano
Pinch Hitting: LHB David Fiedler 0-0: Ball
1-0: Ball
2-0: Fly out, F4 (Line Drive, 4, EV 88.8 MPH)
Pinch Hitting: RHB Gustavo Carena 0-0: Ball
1-0: Called Strike
1-1: Ground out 5-3 (Groundball, 5, EV 110.0 MPH)
Bottom of the 6th over - 0 runs, 0 hits, 0 errors, 0 left on base; University of Michigan 3 - Clemson University 1
TOP OF THE 7TH
University of Michigan Wolverines batting - Pitching for Clemson University Tigers : LHP Will West
Pitching: LHP Jonathan Hughes
Now at 1B: David Fiedler
Now at 3B: Danny Gutierrez
Now in RF: Tony Rivera
Pinch Hitting: SHB Phillip Blake 0-0: Called Strike
0-1: Swinging Strike
0-2: SINGLE (Groundball, 56D, EV 103.1 MPH)
Pinch Hitting: LHB Murdock Cranton 0-0: Ball
1-0: Called Strike
1-1: Grounds out, U3 (Groundball, 3L, EV 88.8 MPH)
Batting: RHB Gerard Gordijn 0-0: Ball
1-0: Swinging Strike
1-1: Ball
2-1: Foul Ball, location: 2F
2-2: Ball
Wild Pitch!
Phillip Blake to third
3-2: Fly out, F3 (Popup, 3SF, EV 88.1 MPH)
Batting: RHB Wendell Sarkies 0-0: Ball
1-0: Foul Ball, location: 2F
1-1: Ball
2-1: Ball
3-1: Base on Balls
Batting: RHB Walter Fisher 0-0: Called Strike
0-1: Ball
1-1: Foul Ball, location: 2F
1-2: Ball
2-2: Strikes out looking
Top of the 7th over - 0 runs, 1 hit, 0 errors, 2 left on base; University of Michigan 3 - Clemson University 1
BOTTOM OF THE 7TH
Clemson University Tigers batting - Pitching for University of Michigan Wolverines : RHP Dave Catano
Pitching: RHP Tom DuBois
Now at 1B: Murdock Cranton
Now at 2B: Phillip Blake
Batting: RHB Josh LeSage 0-0: Called Strike
0-1: Swinging Strike
0-2: Fly out, F9 (Line Drive, 9, EV 101.9 MPH)
Batting: LHB Jochen Salt 0-0: Ball
1-0: Fly out, F7 (Line Drive, 7S, EV 100.0 MPH)
Batting: RHB Jason Duncan 0-0: Ground out 6-3 (Groundball, 6, EV 82.5 MPH)
Bottom of the 7th over - 0 runs, 0 hits, 0 errors, 0 left on base; University of Michigan 3 - Clemson University 1
TOP OF THE 8TH
University of Michigan Wolverines batting - Pitching for Clemson University Tigers : LHP Jonathan Hughes
Pitching: RHP David Padron
Batting: RHB Quirino Portel 0-0: Ball
1-0: Ball
2-0: Ball
3-0: Base on Balls
Batting: LHB Dakota Kaempf 0-0: Grounds out, U3 (Groundball, 3L, EV 107.5 MPH)
Batting: RHB Cesar Rubio 0-0: Ball
1-0: Ball
2-0: Ball
3-0: Called Strike
3-1: Foul Ball, location: 2F
3-2: DOUBLE (Line Drive, 9LS, EV 101.9 MPH)
Quirino Portel scores
Batting: RHB Mario Cruz 0-0: Fly out, F8 (Flyball, 8RD, EV 100.0 MPH)
Pitching: RHP John Sweet
Batting: SHB Phillip Blake 0-0: Called Strike
0-1: Foul Ball, location: 2F
0-2: Ball
1-2: Foul Ball, location: 2F
1-2: Ground out 5-3 (Groundball, 56, EV 100.6 MPH)
Top of the 8th over - 1 run, 1 hit, 0 errors, 1 left on base; University of Michigan 4 - Clemson University 1
BOTTOM OF THE 8TH
Clemson University Tigers batting - Pitching for University of Michigan Wolverines : RHP Tom DuBois
Pitching: LHP Lindsay Adams
Batting: LHB George Jedinak 0-0: Swinging Strike
0-1: Foul Ball, location: 2F
0-2: Ground out 5-3 (Groundball, 5S, EV 91.9 MPH)
Batting: LHB Mario Nunez 0-0: Foul Ball, location: 2F
0-1: Foul Ball, location: 2F
0-2: Foul Ball, location: 2F
0-2: Ground out U3 (Groundball, 34S, EV 83.1 MPH)
Batting: RHB Willis Suarez 0-0: SINGLE (Flyball, 78S, EV 100.6 MPH)
Batting: LHB Tony Rivera 0-0: Ground out 4-3 (Groundball, 4D, EV 106.9 MPH)
Bottom of the 8th over - 0 runs, 1 hit, 0 errors, 1 left on base; University of Michigan 4 - Clemson University 1
TOP OF THE 9TH
University of Michigan Wolverines batting - Pitching for Clemson University Tigers : RHP John Sweet
Pitching: RHP Richard Clements
Batting: LHB Murdock Cranton 0-0: Ball
1-0: Ground out 5-3 (Groundball, 5, EV 87.5 MPH)
Batting: RHB Gerard Gordijn 0-0: Ball
1-0: Foul Ball, location: 2F
1-1: Ground out 4-3 (Groundball, 34, EV 85.0 MPH)
Batting: RHB Wendell Sarkies 0-0: Ground out 2-3 (Groundball, 13S, EV 70.6 MPH)
Top of the 9th over - 0 runs, 0 hits, 0 errors, 0 left on base; University of Michigan 4 - Clemson University 1
BOTTOM OF THE 9TH
Clemson University Tigers batting - Pitching for University of Michigan Wolverines : LHP Lindsay Adams
Pitching: LHP Kunikazu Ishida
Batting: LHB David Fiedler 0-0: Fly out, F9 (Line Drive, 9LM, EV 86.2 MPH)
Pinch Hitting: RHB Justin Ferrin 0-0: Foul Ball, location: 2F
0-1: Fly out, F7 (Flyball, 7, EV 90.6 MPH)
Batting: RHB Josh LeSage 0-0: Ball
1-0: SINGLE (Line Drive, 56, EV 97.5 MPH)
Batting: LHB Jochen Salt 0-0: Ball
1-0: Called Strike
1-1: Called Strike
1-2: Strikes out swinging
Bottom of the 9th over - 0 runs, 1 hit, 0 errors, 1 left on base; University of Michigan 4 - Clemson University 1
Sunday, July 16th , 2023 - OOTP Baseball 24.6 Build 69